 Dungeon Crawl Stone Soup version 0.30-a0-738-g116ff8c4af (webtiles) character file.

Game seed: 4446303176639607161

184 Ajdolov the Slasher (level 5, -6/29 HPs)
             Began as a Vine Stalker Fighter on Feb 3, 2023.
             Mangled by Pikel
             ... wielding a +2 whip of flaming
              (11 damage)
             ... on level 4 of the Dungeon.
             The game lasted 00:04:24 (1946 turns).

Ajdolov the Slasher (Vine Stalker Fighter)          Turns: 1946, Time: 00:04:24

Health: -6/29      AC:  7    Str: 18    XL:     5   Next: 64%
Magic:  0/6        EV: 10    Int:  8    God:
Gold:   180        SH:  5    Dex: 16    Spells: 4/4 levels left

rFire   . . .      SeeInvis +    a - +0 long sword
rCold   . . .      Faith    .    c - +0 buckler
rNeg    . . .      Spirit   +    s - +3 leather armour
rPois   .          Reflect  .    w - +0 helmet
rElec   .          Harm     .    (no cloak)
rCorr   .          Rampage  .    (no gloves)
Will    +....                    (no boots)
Stlth   +                        (no amulet)
HPRegen 1.04/turn                k - ring of see invisible
MPRegen 0.10/turn                q - ring of willpower

@: no status effects
A: fangs 2, regeneration 1, magic shield, antimagic bite, no potion heal 2
a: no special abilities


You were on level 4 of the Dungeon.
You visited 1 branch of the dungeon, and saw 4 of its levels.

You collected 180 gold pieces.

Inventory:

Hand Weapons
 a - a +0 long sword (weapon)
Missiles
 f - 3 javelins (quivered)
Armour
 c - a +0 buckler (worn)
 s - a +3 leather armour (worn)
 w - a +0 helmet (worn)
Jewellery
 k - a ring of see invisible (left hand)
 q - a ring of willpower (right hand)
 x - a +5 ring of evasion
Wands
 u - a wand of flame (24)
 v - a wand of paralysis (7)
Scrolls
 e - a scroll of fog {unknown}
 g - a scroll of enchant weapon {unknown}
 i - 2 scrolls of poison {unknown}
 j - 2 scrolls of enchant armour {unknown}
 l - 5 scrolls of identify {unknown}
 n - a scroll of vulnerability {unknown}
 p - a scroll of blinking {unknown}
 r - a scroll of brand weapon {unknown}
 y - a scroll of magic mapping {unknown}
Potions
 b - a potion of haste {unknown}
 d - 4 potions of might
 h - a potion of flight {unknown}
 m - a potion of berserk rage {unknown}
 o - 2 potions of lignification {unknown}
 t - 3 potions of curing {unknown}


   Skills:
 + Level 3.8 Fighting
 * Level 4.3 Long Blades
 - Level 2.4 Armour
 - Level 2.6 Shields


You had 4 spell levels left.
You didn't know any spells.
Your spell library contained the following spells:

 Spells                   Type           Power      Damage    Failure   Level
 Sandblast                Erth           0%         2d4       56%         1
 Passwall                 Tmut/Erth      0%         N/A       71%         2
 Call Canine Familiar     Summ           0%         N/A       90%         3
 Portal Projectile        Hex/Tloc       0%         N/A       90%         3
 Stone Arrow              Conj/Erth      0%         3d7       90%         3
 Leda's Liquefaction      Hex/Erth       0%         N/A       100%        4


Dungeon Overview and Level Annotations

Branches:
Dungeon (4/15)
 Temple: D:4-7

Altars:

Annotations:
D:4 Pikel


Innate Abilities, Weirdness & Mutations

You have extremely sharp teeth.
Your natural rate of healing is unusually fast.
When hurt, damage is shared between your health and your magic reserves.
Your bite disrupts and absorbs the magic of your enemies.
Potions cannot restore your health.


Message History

Here: Pikel, wielding a +2 whip of flaming and wearing a +0 robe The floor.
A lemure comes into view.
The lemure shouts!
You hit Pikel but do no damage. Your bite misses Pikel.
Pikel cracks his whip.
Pikel hits you with a +2 whip of flaming.
Pikel burns you.
You hit Pikel but do no damage. Pikel closely misses you.
Pikel hits you but does no damage.
You closely miss Pikel. Your bite misses Pikel. You block Pikel's attack.
You barely miss Pikel.
Pikel says, "You'll feel the lick of my whip!"
You block Pikel's attack.
You hit Pikel but do no damage. You block Pikel's attack.
You barely miss Pikel. Pikel waves his whip at you.
Pikel hits you with a +2 whip of flaming!
Pikel burns you. Pikel hits you but does no damage.
You completely miss Pikel. You bite Pikel. You drain his power.
You feel invigorated.
Pikel is lightly wounded.
Pikel hits you with a +2 whip of flaming.
Pikel burns you.
You closely miss Pikel.
Pikel is lightly wounded.
Pikel hits you with a +2 whip of flaming!
* * * LOW HITPOINT WARNING * * *
Pikel burns you.
* * * LOW HITPOINT WARNING * * *
You hit Pikel. You bite Pikel, but do no damage.
Pikel is lightly wounded.
You block Pikel's attack.
You closely miss Pikel.
Pikel is lightly wounded.
Pikel barely misses you.
You closely miss Pikel. You bite Pikel, but do no damage.
Pikel is lightly wounded.
Pikel hits you with a +2 whip of flaming!
You die...

.. #. ######### #.
#.......# #.
#.#####.# .#. #.
##.#####.# ....##.
#.<...##.#
......5####..##.##.#
#...55K@...##.##.#
##########.......#
#......###....##
#......#.......######
#......#...##.#......
#....................
#......#..###.#......
#......#<#.##..######
#......#......##


You could see Pikel and 3 lemures.

Vanquished Creatures
  A lemure (D:4)
  Jessica (D:2)
  Natasha (D:2)
  7 adders
  2 worms (D:3)
  A dart slug (D:3)
  2 orcs (D:3)
  7 ball pythons
  9 bats
  5 endoplasms
  2 goblins
  11 hobgoblins
  4 quokkas
  5 frilled lizards
  3 kobolds
  A rat (D:3)
62 creatures vanquished.

Notes
Turn   | Place    | Note
-------+----------+-------------------------------------------
     0 | D:1      | Ajdolov the Vine Stalker Fighter began the quest for the
                  | Orb.
     0 | D:1      | Reached XP level 1. HP: 11/11 MP: 2/2
    66 | D:1      | Reached skill level 2 in Long Blades
   106 | D:1      | Reached XP level 2. HP: 16/16 MP: 1/3
   415 | D:1      | Found a faded altar of an unknown god.
   589 | D:2      | Noticed Jessica
   592 | D:2      | Killed Jessica
   593 | D:2      | Reached skill level 3 in Long Blades
   593 | D:2      | Reached XP level 3. HP: 20/20 MP: 4/4
   641 | D:2      | Gained mutation: Your natural rate of healing is unusually
                  | fast. [Vine Stalker growth]
   641 | D:2      | Reached XP level 4. HP: 24/24 MP: 5/5
   951 | D:2      | Noticed Natasha
   959 | D:2      | Killed Natasha
  1002 | D:2      | Reached XP level 5. HP: 25/28 MP: 4/6
  1201 | D:3      | Reached skill level 4 in Long Blades
  1911 | D:4      | Noticed a lemure
  1925 | D:4      | Killed a lemure
  1930 | D:4      | Noticed Pikel
  1930 | D:4      | Noticed a lemure
  1931 | D:4      | Noticed a lemure
  1933 | D:4      | Noticed a lemure
  1943 | D:4      | HP: 1/29 [Pikel/+2 whip of flaming (2)]
  1946 | D:4      | Mangled by Pikel

Illustrated notes

Levels and vault maps discovered:
D:1:      dpeg_arrival_rhombus, layout_rooms,
          ebering_ecumenical_altar_abandoned, minmay_tripent
D:2:      layout_rooms, hex_large, minmay_split_cup_small, uniq_jessica,
          uniq_natasha
D:3:      layout_basic, nicolae_concentric_dashed_squares_wild,
          minmay_fractal_squares_5
D:4:      layout_loops_cross, kennysheep_generic_room_10, uniq_pikel

Skill      XL: |  1  2  3  4  5 |
---------------+----------------+-----
Long Blades    | 2 3 4 |  4.3
Fighting       | 3 |  3.8
Armour         | |  2.4
Shields        | |  2.6

Action                     |  1- 3 |  4- 6 || total
---------------------------+-------+-------++-------
  Melee: Long sword        |    66 |   126 ||   192
         Bite              |    16 |    21 ||    37
   Stab: Sleeping          |       |     2 ||     2
 Armour: Scale mail        |    26 |       ||    26
         Chain mail        |     8 |     2 ||    10
         Leather armour    |       |    40 ||    40
  Dodge: Dodged            |    36 |    71 ||   107
  Block: Buckler           |    21 |    19 ||    40

Table legend: (Time is in decaauts)
 A = Elapsed time spent in this place.
 B = Non-inter-level travel time spent in this place.
 C = Inter-level travel time spent in this place.
 D = Time resting spent in this place.
 E = Time spent auto-exploring this place.
 F = Levels seen in this place.
 G = Mean time per level.
                   A        B        C        D        E       F      G
               +--------+--------+--------+--------+--------+-----+--------+
         Total |   1997 |   1914 |     83 |      0 |   1315 |   4 |  499.2 |
       Dungeon |   1997 |   1914 |     83 |      0 |   1315 |   4 |  499.2 |
               +--------+--------+--------+--------+--------+-----+--------+

Top non-repeatable levels by time:
     D:3: 711 daAuts
     D:1: 605 daAuts
     D:2: 592 daAuts
     D:4: 87 daAuts
